 Dungeon Crawl Stone Soup version 0.30-a0-1103-g25895a7845 (webtiles) character file.

Game seed: 14139800930557891360

4943 cheesebisquit the Grappler (level 10, -1/150 HPs)
             Began as a Troll Fighter on Apr 18, 2023.
             Slain by a 14-headed hydra (10 damage)
             ... on level 9 of the Dungeon.
             The game lasted 00:24:39 (7577 turns).

cheesebisquit the Grappler (Troll Fighter)          Turns: 7577, Time: 00:24:40

Health: -1/150     AC:  5    Str: 26    XL:     10   Next: 28%
Magic:  9/9        EV:  9    Int:  8    God:
Gold:   146        SH:  9    Dex:  9    Spells: 3/9 levels left

rFire   . . .      SeeInvis .      - Unarmed
rCold   . . .      Faith    .    b - +0 kite shield
rNeg    + + .      Spirit   .    F - +1 robe {Will+}
rPois   .          Reflect  .    (helmet restricted)
rElec   .          Rampage  .    J - scarf of Yrrig {shadows, rN+ Will+}
rCorr   .                        (gloves unavailable)
Will    ++...                    (boots unavailable) Stlth
                                 D - amulet of regeneration
HPRegen 2.05/turn                j - ring of positive energy
MPRegen 0.11/turn                (no ring)

@: mighty, berserking (expiring), hasted, invisible, very quick
A: large, unfitting armour, claws 3, regeneration 1, shaggy fur 1, tough skin 1
a: no special abilities


You were on level 9 of the Dungeon.
You visited 2 branches of the dungeon, and saw 10 of its levels.
You also visited: Sewer.

You collected 510 gold pieces.
You spent 364 gold pieces at shops.

Inventory:

Missiles
 a - 3 curare-tipped darts (quivered)
 K - 10 poisoned darts
Armour
 b - a +0 kite shield (worn)
 q - a +0 cloak
 E - a +1 robe of cold resistance
 F - a +1 robe of willpower (worn)
 J - the scarf of Yrrig (worn) {shadows, rN+ Will+}
   (You found it on level 9 of the Dungeon)

   rN:        It protects you from negative energy.
   Will:      It increases your willpower.
Jewellery
 j - a ring of positive energy (left claw)
 D - an amulet of regeneration (around neck)
Wands
 l - a wand of quicksilver (11)
 A - a wand of flame (34)
Scrolls
 e - a scroll of fear
 f - 6 scrolls of teleportation
 g - a scroll of magic mapping
 k - a scroll of brand weapon
 m - a scroll of noise
 o - 2 scrolls of fog
 r - a scroll of vulnerability
 s - 2 scrolls of immolation
 t - a scroll of poison
 u - a scroll of blinking
 w - a scroll of enchant weapon {unknown}
 x - a scroll of silence {unknown}
Potions
 c - 3 potions of degeneration
 d - 2 potions of heal wounds
 h - 3 potions of attraction
 i - 2 potions of mutation
 n - a potion of brilliance
 p - a potion of haste
 B - 2 potions of cancellation
 C - a potion of resistance
 H - a potion of curing


   Skills:
 + Level 6.6 Fighting
 + Level 4.2 Dodging
 + Level 7.2 Shields
 * Level 10.6 Unarmed Combat


You had 3 spell levels left.
You knew the following spells:

 Your Spells              Type           Power      Damage    Failure   Level
a - Statue Form           Tmut/Erth      0%         N/A       100%        6

Your spell library contained the following spells:

 Spells                   Type           Power      Damage    Failure   Level
 Magic Dart               Conj           0%         1d3       65%         1
 Call Imp                 Summ           0%         N/A       80%         2
 Ensorcelled Hibernation  Hex/Ice        0%         N/A       80%         2
 Mephitic Cloud           Conj/Pois/Air  0%         N/A       95%         3
 Spider Form              Tmut/Pois      0%         N/A       95%         3
 Anguish                  Hex/Necr       0%         N/A       100%        4
 Leda's Liquefaction      Hex/Erth       0%         N/A       100%        4
 Lee's Rapid Deconstruct  Erth           0%         3d4*      100%        5


Dungeon Overview and Level Annotations

Branches:
Dungeon (9/15)             Temple (1/1) D:4           Sewer (visited)
   Lair: D:8-11         Orc: D:9-12

Altars:
Ashenzari
Cheibriados
Dithmenos
Elyvilon
Fedhas
Hepliaklqana
Makhleb
Nemelex Xobeh
Okawaru
Qazlal
Sif Muna
Trog
Vehumet
Xom
Yredelemnul
The Shining One

Shops:
D:6 !

Annotations:
D:8 exclusion: orange crystal statue


Innate Abilities, Weirdness & Mutations

You are too large for most types of armour.
You have claws for hands.
Your natural rate of healing is unusually fast.
You are covered in fur. (AC +1)
You have tough skin. (AC +1)


Message History

The ten-headed hydra bites you but does no damage.
The ten-headed hydra bites you! The ten-headed hydra bites you.
The ten-headed hydra bites you!
You rip one of the ten-headed hydra's heads off!
The nine-headed hydra grows two more!
You mangle the 11-headed hydra!!
The 11-headed hydra is severely wounded.
The 11-headed hydra bites you but does no damage.
You block the 11-headed hydra's attack. The 11-headed hydra bites you!
The 11-headed hydra bites you but does no damage.
The 11-headed hydra barely misses you. You block the 11-headed hydra's attack.
The 11-headed hydra closely misses you. The 11-headed hydra bites you.
The 11-headed hydra barely misses you. x2; The 11-headed hydra bites you.
You catch the helpless 11-headed hydra completely off-guard!
You tear one of the 11-headed hydra's heads off!
The ten-headed hydra grows two more!
You mangle the 12-headed hydra!!
The 12-headed hydra is severely wounded.
You claw one of the 12-headed hydra's heads off!
The 11-headed hydra grows two more!
You mangle the 13-headed hydra!!
The 13-headed hydra is almost dead.
The 13-headed hydra barely misses you. The 13-headed hydra bites you!
The 13-headed hydra bites you. The 13-headed hydra bites you!
* * * LOW HITPOINT WARNING * * *
The 13-headed hydra bites you!
* * * LOW HITPOINT WARNING * * *
The 13-headed hydra bites you.
* * * LOW HITPOINT WARNING * * *
The 13-headed hydra barely misses you. The 13-headed hydra bites you!
* * * LOW HITPOINT WARNING * * *
The 13-headed hydra bites you.
* * * LOW HITPOINT WARNING * * *
The 13-headed hydra bites you.
* * * LOW HITPOINT WARNING * * *
The 13-headed hydra barely misses you. x2
You block the 13-headed hydra's attack.
You are too berserk!
You rip one of the 13-headed hydra's heads off!
The 12-headed hydra grows two more!
You claw the 14-headed hydra!
The 14-headed hydra is almost dead.
You block the 14-headed hydra's attack. x2; The 14-headed hydra bites you!
You die...

#################################
..........)......................
............##...................
#...........##........##.........
#..............D.<....##......)..
......###.......@.............)..
.......)......................)##
##########################...#..#
. #...##.. ..# #....... ..#
#...##.. ..# #...#..# ..#
######.....## #............


You could see a 14-headed hydra (unable to see you).

Vanquished Creatures
  A troll (D:9)
  Sigmund (D:3)
  Eustachio (D:4)
  Grum (D:9)
  A wraith (D:9)
  Edmund (D:4)
  2 water moccasins
  2 orc warriors (D:9)
  3 sky beasts
  2 ice beasts (D:7)
  2 ogres
  2 centaurs
  4 wolves (D:9)
  2 kobold brigands
  2 bullfrogs
  A gnoll sergeant (D:8)
  3 scorpions (D:5)
  10 wights (D:7)
  3 jellies
  6 killer bees (D:8)
  A howler monkey (D:4)
  3 hounds
  9 orc priests
  Crazy Yiuf (D:2)
  A gnoll bouda (D:7)
  2 sleepcaps
  Terence (D:2)
  4 iguanas
  10 orc wizards
  7 gnolls
  5 adders
  3 white imps
  3 ufetubi
  4 worms
  3 dart slugs
  28 orcs
  4 endoplasms
  4 giant cockroaches
  9 goblins
  9 hobgoblins
  5 jackals
  10 kobolds
  5 quokkas
  4 ball pythons
  10 bats
  2 frilled lizards
  7 rats
204 creatures vanquished.

Notes
Turn   | Place    | Note
-------+----------+-------------------------------------------
     0 | D:1      | cheesebisquit the Troll Fighter began the quest for the
                  | Orb.
     0 | D:1      | Reached XP level 1. HP: 22/22 MP: 0/0
   192 | D:1      | Reached XP level 2. HP: 29/29 MP: 1/1
   739 | D:1      | Reached XP level 3. HP: 36/36 MP: 2/2
   771 | D:2      | Reached skill level 3 in Unarmed Combat
   889 | D:2      | Found a runed translucent door.
   890 | D:2      | Noticed Crazy Yiuf
  1038 | D:2      | Found a glowing golden altar of the Shining One.
  1045 | D:2      | Identified the +7 short sword "Room" {heavy, Stlth+}
  1552 | D:2      | Noticed Terence
  1571 | D:2      | Killed Terence
  1572 | D:2      | Reached XP level 4. HP: 33/44 MP: 3/3
  1698 | D:2      | Killed Crazy Yiuf
  1859 | D:3      | Found a shadowy altar of Dithmenos.
  2077 | D:3      | Noticed Sigmund
  2089 | D:3      | Killed Sigmund
  2090 | D:3      | Reached skill level 4 in Unarmed Combat
  2090 | D:3      | Reached XP level 5. HP: 33/53 MP: 4/4
  2090 | D:3      | Reached XP level 6. HP: 38/61 MP: 5/5
  2554 | D:4      | Found a glowing drain.
  2574 | Sewer    | Entered a sewer
  2603 | Sewer    | Noticed a water moccasin
  2609 | Sewer    | Killed a water moccasin
  2610 | Sewer    | Reached skill level 5 in Unarmed Combat
  2736 | D:4      | Noticed Eustachio
  2771 | D:4      | Killed Eustachio
  2772 | D:4      | Reached XP level 7. HP: 63/70 MP: 6/6
  2915 | D:4      | Reached skill level 6 in Unarmed Combat
  3046 | D:4      | Noticed Edmund
  3056 | D:4      | Killed Edmund
  3232 | D:4      | Reached XP level 8. HP: 75/79 MP: 7/7
  3411 | D:4      | Found a staircase to the Ecumenical Temple.
  3422 | Temple   | Entered the Ecumenical Temple
  3497 | D:4      | Reached skill level 5 in Shields
  3772 | D:5      | Entered Level 5 of the Dungeon
  3785 | D:4      | Reached skill level 7 in Unarmed Combat
  4319 | D:5      | Reached skill level 5 in Fighting
  4745 | D:6      | Reached skill level 8 in Unarmed Combat
  4919 | D:6      | Learned a level 6 spell: Statue Form
  5168 | D:6      | Reached XP level 9. HP: 49/88 MP: 8/8
  5374 | D:6      | Found Xog Boh's Distillery.
  5380 | D:6      | Bought a potion of cancellation for 112 gold pieces
  5380 | D:6      | Bought a potion of cancellation for 112 gold pieces
  5380 | D:6      | Bought a potion of resistance for 140 gold pieces
  5814 | D:7      | Reached skill level 9 in Unarmed Combat
  6101 | D:7      | Found a shimmering altar of Xom.
  6352 | D:8      | Reached skill level 10 in Unarmed Combat
  6506 | D:8      | Noticed an orange crystal statue
  6960 | D:9      | Identified the scarf of Yrrig {shadows, rN+ Will+}
  6984 | D:9      | Reached XP level 10. HP: 49/100 MP: 9/9
  7147 | D:9      | Noticed Grum
  7168 | D:9      | Killed Grum
  7364 | D:9      | Found a stormy altar of Qazlal.
  7387 | D:9      | Identified the +0 leather armour of Beastly Joy {rF- Regen+
                  | MP-9 Int+9}
  7512 | D:9      | Noticed a five-headed hydra
  7577 | D:9      | Slain by a 14-headed hydra

Illustrated notes

Levels and vault maps discovered:
D:1:      nagdon_arrival_zigzag_paths, layout_basic, minmay_domino_2
D:2:      layout_basic, basic_altar, uniq_terence, uniq_crazy_yiuf_cottage
D:3:      layout_loops_ring, nicolae_dithmenos_the_darkroom, uniq_sigmund
D:4:      layout_basic, minmay_temple_entry_antechambers, portal_sewer_entry_d,
          uniq_eustachio, uniq_edmund
D:5:      layout_basic
D:6:      layout_loops_ring, serial_shops, kennysheep_little_box
D:7:      layout_rooms, lemuel_coloured_pillars_altar
D:8:      minmay_separated_statues, layout_rooms, serial_corexii_hall,
          corexii_hall_statues_deadend, corexii_hall_statues_u, minivault_11
D:9:      layout_stronghold, mainiacjoe_overflow_small_starburst,
          mainiacjoe_overflow_concentric_impassable, uniq_grum
Temple:   nicolae_temple_no_exploring_needed

Skill      XL: |  1  2  3  4  5  6  7  8  9 10 |
---------------+-------------------------------+-----
Shields        | 3 4 6 7 |  7.2
Unarmed Combat | 3 4 5 6 8 10 | 10.6
Fighting       | 3 4 5 6 |  6.6
Dodging        | 3 4 |  4.2

Action                     |  1- 3 |  4- 6 |  7- 9 | 10-12 || total
---------------------------+-------+-------+-------+-------++-------
  Melee: Unarmed           |    84 |   101 |   429 |    91 ||   705
  Throw: Throwing net      |       |       |     1 |     3 ||     4
         Dart              |       |       |       |     2 ||     2
  Evoke: Wand              |       |    10 |     3 |     1 ||    14
    Use: Potion            |       |     1 |     8 |     7 ||    16
         Scroll            |       |       |    14 |     5 ||    19
   Stab: Sleeping          |     1 |       |       |       ||     1
         Invisible         |       |       |       |     1 ||     1
 Armour: Robe              |    23 |    55 |    94 |    26 ||   198
  Dodge: Dodged            |    17 |    60 |   122 |    62 ||   261
  Block: Kite shield       |    26 |    54 |   177 |    63 ||   320

Table legend: (Time is in decaauts)
 A = Elapsed time spent in this place.
 B = Non-inter-level travel time spent in this place.
 C = Inter-level travel time spent in this place.
 D = Time resting spent in this place.
 E = Time spent auto-exploring this place.
 F = Levels seen in this place.
 G = Mean time per level.
                   A        B        C        D        E       F      G
               +--------+--------+--------+--------+--------+-----+--------+
         Total |   7557 |   7054 |    503 |    106 |   5334 |  11 |  687.0 |
       Dungeon |   7476 |   6973 |    503 |    106 |   5299 |   9 |  830.7 |
        Temple |      1 |      1 |      0 |      0 |      0 |   1 |    1.0 |
         Sewer |     79 |     79 |      0 |      0 |     35 |   1 |   79.0 |
               +--------+--------+--------+--------+--------+-----+--------+

Top non-repeatable levels by time:
     D:4: 1251 daAuts
     D:2: 1061 daAuts
     D:5: 854 daAuts
     D:9: 809 daAuts
     D:6: 808 daAuts
     D:1: 773 daAuts
     D:3: 723 daAuts
     D:8: 631 daAuts
     D:7: 561 daAuts
   Sewer: 79 daAuts
  Temple: 1 daAuts
